AoeStats
← Loyp

Pilgrims

508778593Analyzed
2v2 RM · 8d ago on Sep 24, 2026· 80m 2s· 4 players
Game mode
Random Map
Map size
Medium (4 player)
Population
200
Speed
Normal
Resources
Standard
Victory
Conquest
Starting age
Dark Age
Ending age
Imperial Age
RankedLock teamsTeams togetherTeam positionsShared explorationLock speedFull tech treeHidden civsTurbo modeCheats
Victory
Defeat
🇨🇦 Portuguese · Canada
1087
+16
🇨🇦 Tupi · Canada
1085
+16
🇺🇸 Varangians · United States
1096
-16
🇺🇸 Saxons · United States
1079
-16
Matt.Smilenot
11:32 Feudal Age
11:07 Loom
16:23 Castle Age
16:23 Double-Bit Axe
17:47 Town Watch
18:53 Double-Bit Axe
18:49 Horse Collar
19:26 Fletching
23:01 Bodkin Arrow
24:14 Padded Archer Armor
25:32 Leather Archer Armor
28:58 Wheelbarrow
29:26 Ballistics
32:50 Imperial Age
32:27 Murder Holes
32:17 Elite Skirmisher
46:36 Elite Blackwood Archer
48:27 Bracer
50:23 Hand Cart
58:02 Curare
61:43 Bow Saw
62:24 Ring Archer Armor
62:58 Chemistry
71:11 Scale Mail Armor
71:21 Forging
71:18 Champi Runner
72:02 Squires
71:48 Arson
72:16 Champi Warrior
76:19 Elite Champi Warrior
79:50 Chain Mail Armor
80:11 Iron Casting
romanilius
9:23 Loom
11:25 Feudal Age
12:22 Double-Bit Axe
13:11 Forging
13:00 Town Watch
13:53 Wheelbarrow
14:04 Fletching
17:27 Fishing Lines
20:57 Castle Age
21:09 Gold Mining
21:11 Stone Mining
21:55 Bodkin Arrow
22:14 Medium Warships
21:55 Gillnets
22:39 Bow Saw
22:11 Horse Collar
23:20 Ballistics
24:04 Murder Holes
26:28 Stone Shaft Mining
26:54 Treadmill Crane
27:25 Masonry
27:28 Careening
27:28 Clinker Construction
28:15 Circumnavigation
31:46 Hand Cart
35:46 Imperial Age
34:05 Scale Barding Armor
34:51 Bloodlines
34:42 Husbandry
34:02 Light Cavalry
37:36 Two-Man Saw
37:45 Chain Barding Armor
38:33 Coinage
40:24 Banking
42:40 Bracer
43:27 Heavy Plow
44:19 Iron Casting
43:47 Cavalier
45:35 Chemistry
45:40 Town Patrol
47:29 Plate Barding Armor
52:31 Siege Engineers
53:19 Architecture
54:04 Blast Furnace
56:33 Padded Archer Armor
56:34 Scale Mail Armor
58:08 Conscription
66:15 Leather Archer Armor
67:38 Ring Archer Armor
71:19 Guilds
73:01 Dry Dock
73:02 Carvel Hull
SeekyPeeky
11:12 Feudal Age
12:02 Loom
15:50 Castle Age
14:03 Scale Mail Armor
15:17 Forging
15:20 Fishing Lines
16:08 Fletching
21:17 Double-Bit Axe
22:21 Gold Mining
22:21 Horse Collar
25:22 Town Watch
32:48 Bow Saw
32:38 Heavy Plow
35:39 Wheelbarrow
37:03 Bodkin Arrow
40:26 Chain Mail Armor
40:03 Pikeman
41:48 Iron Casting
46:33 Hand Cart
47:19 Squires
50:43 Imperial Age
48:14 Town Patrol
52:55 Halberdier
54:32 Town Patrol
57:21 Plate Mail Armor
57:51 Blast Furnace
57:24 Capped Ram
60:08 Two-Man Saw
60:57 Stone Mining
61:57 Conscription
65:08 Elite Jarl
69:49 Elite Skirmisher
72:54 Scale Barding Armor
73:19 Padded Archer Armor
73:51 Bracer
74:34 Chain Barding Armor
76:46 Leather Archer Armor
78:00 Plate Barding Armor
78:29 Ring Archer Armor
78:59 Ballistics
Loyp
6:54 Loom
11:01 Feudal Age
11:39 Double-Bit Axe
11:35 Horse Collar
12:22 Town Watch
20:39 Castle Age
20:44 Padded Archer Armor
21:09 Fletching
21:49 Bow Saw
22:02 Elite Skirmisher
22:08 Elite Skirmisher
23:05 Bodkin Arrow
26:51 Leather Archer Armor
26:39 Scale Mail Armor
27:20 Squires
28:54 Arson
30:20 Forging
34:27 Town Patrol
35:03 Wheelbarrow
40:17 Iron Casting
42:22 Imperial Age
41:32 Thumb Ring
42:53 Onager
43:58 Conscription
44:23 Chain Mail Armor
46:20 Bracer
50:37 Heavy Plow
51:38 Two-Man Saw
51:21 Gold Mining
51:26 Shield Wall
52:32 Gambesons
55:15 Clerical Recruitment
56:37 Elite Varangian Guard
58:03 Hand Cart
58:03 Pikeman
60:43 Halberdier
62:31 Plate Mail Armor
65:47 Siege Engineers
69:45 Ballistics
71:05 Masonry
74:31 Architecture
77:50 Capped Ram
Connection lost

Rejoining the realm…

Still unreachable

The connection could not be restored.

Session expired

The server has moved on; the page needs a fresh start.